 Dungeon Crawl Stone Soup version 0.29.0-4-gdea44cf6ec (webtiles) character file.

Game seed: 1006070761644959693

30 qw the Chopper (level 3, -1/21 HPs)
             Began as a Tengu Warper on Aug 28, 2022.
             Slain by Terence
             ... wielding a +0 falchion
              (7 damage)
             ... on level 2 of the Dungeon.
             The game lasted 00:00:03 (713 turns).

qw the Chopper (Tengu Warper)                        Turns: 713, Time: 00:00:03

Health: -1/21      AC:  3    Str: 13    XL:     3   Next: 20%
Magic:  7/7        EV: 12    Int: 13    God:
Gold:   39         SH:  0    Dex: 13    Spells: 6/6 levels left

rFire   . . .      SeeInvis .   a - +0 hand axe
rCold   . . .      Faith    .   (no shield)
rNeg    . . .      Spirit   .   b - +0 leather armour
rPois   .          Reflect  .   (helmet restricted)
rElec   .          Harm     .   (no cloak)
rCorr   .          Rampage  .   (no gloves)
Will    .....                   (boots unavailable)
Stlth   +.........              (no amulet)
HPRegen 0.07/turn               (no ring)
MPRegen 0.10/turn               (no ring)

@: no status effects
A: beak, talons 3
a: no special abilities


You were on level 2 of the Dungeon.
You visited 1 branch of the dungeon, and saw 2 of its levels.

You collected 39 gold pieces.


Innate Abilities, Weirdness & Mutations

You have a beak for a mouth.
You have claws for feet.


   Skills:
 - Level 2.0 Fighting
 + Level 3.9 Axes
 - Level 1.0 Throwing
 - Level 1.1 Armour
 - Level 2.1 Dodging
 - Level 2.0 Spellcasting
 - Level 2.4 Translocations


You had 6 spell levels left.
You didn't know any spells.
Your spell library contained the following spells:

 Spells                   Type           Power      Damage    Failure   Level
 Blink                    Tloc           14%        N/A       19%         2
 Gell's Gravitas          Tloc           7%         N/A       36%         3
 Lesser Beckoning         Tloc           7%         N/A       36%         3
 Teleport Other           Tloc           7%         N/A       36%         3
 Manifold Assault         Tloc           7%         N/A       98%         5

Inventory:

Hand Weapons
 a - a +0 hand axe (weapon)
Armour
 b - a +0 leather armour (worn)
Scrolls
 c - a scroll of blinking
 e - a scroll of enchant armour {unknown}
Potions
 f - a potion of haste {unknown}
 g - a potion of curing {unknown}

Dungeon Overview and Level Annotations

Branches:
Dungeon (1/15)

Altars:

Annotations:
D:2 Terence


Message History

You see here a bat corpse.
You start resting.
A frilled lizard is nearby!
628 ||| Stepping ~*~*~tactically~*~*~ (stealth).
629 ||| Stepping ~*~*~tactically~*~*~ (stealth).
You start resting.
A frilled lizard is nearby!
633 ||| Stepping ~*~*~tactically~*~*~ (stealth).
You start resting.
A frilled lizard is nearby!
640 ||| Stepping ~*~*~tactically~*~*~ (stealth).
The frilled lizard hisses angrily.
You closely miss the frilled lizard. You claw the frilled lizard.
You kill the frilled lizard!
You start resting.
HP restored.
Terence the Incautious comes into view.
He is wielding a +0 falchion and wearing a +0 chain mail of poison resistance.
Terence shouts!
Terence moves out of view.
Enter note: You barely miss Terence.
You peck Terence, but do no damage. You punch Terence, but do no damage.
Terence misses you.
You hit Terence but do no damage. Your kick misses Terence.
Your peck misses Terence. Terence hits you with a +0 falchion.
You barely miss Terence. Terence hits you with a +0 falchion.
You barely miss Terence. Terence hits you with a +0 falchion.
You barely miss Terence. You claw Terence, but do no damage.
Your peck misses Terence. Terence misses you. x2
You hit Terence. You claw Terence, but do no damage.
Terence is lightly wounded.
Terence hits you with a +0 falchion.
You hit Terence but do no damage. You peck Terence, but do no damage.
Terence is lightly wounded.
Terence hits you with a +0 falchion!
You die...

#.# .... #.# ......
..# #.# ..... #.# #.#
#...# ##.## #.#
...####...## # #.#
.... .....##.#
#.#####.#####.......#.
#....%......##@#......
#####.#.###...@..#
#.#.# #..###.# .#..#
#..# #
.###.###..###... .#
##.........# .#
##.#####..# ## #..# .#
#.#.# #..#.#


You could see Terence.

Vanquished Creatures
  An adder (D:2)
  A ball python (D:1)
  2 bats
  An endoplasm (D:1)
  3 giant cockroaches (D:1)
  4 jackals (D:1)
  A kobold (D:1)
  A quokka (D:2)
  3 frilled lizards
  2 rats (D:1)
19 creatures vanquished.

Notes
Turn   | Place    | Note
-------+----------+-------------------------------------------
     0 | D:1      | qw the Tengu Warper began the quest for the Orb.
     0 | D:1      | Reached XP level 1. HP: 12/12 MP: 4/4
     0 | D:1      | 0 ||| qw: Version: 0.1-a-89-g26bdef1
     0 | D:1      | 0 ||| qw: Game counter: 827
     0 | D:1      | 0 ||| qw: Always use a shield: true
     0 | D:1      | 0 ||| qw: God list: Okawaru
     0 | D:1      | 0 ||| qw: Allow faded altars: false
     0 | D:1      | 0 ||| qw: Do Orc after D:15 true
     0 | D:1      | 0 ||| qw: Do second Lair branch before Depths: true
     0 | D:1      | 0 ||| qw: Lair rune preference: random
     0 | D:1      | 0 ||| qw: Plans: Normal
     0 | D:1      | 0 ||| PLANNING D:1-11
    12 | D:1      | 12 ||| Stepping ~*~*~tactically~*~*~ (stealth).
    14 | D:1      | 14 ||| Stepping ~*~*~tactically~*~*~ (stealth).
    24 | D:1      | Reached skill level 3 in Axes
    24 | D:1      | Reached XP level 2. HP: 7/17 MP: 6/6
   465 | D:1      | You fall into a shaft and drop 1 floor!
   488 | D:2      | Reached XP level 3. HP: 10/21 MP: 7/7
   489 | D:2      | 489 ||| Stepping ~*~*~tactically~*~*~ (stealth).
   552 | D:2      | 552 ||| Stepping ~*~*~tactically~*~*~ (stealth).
   569 | D:2      | 569 ||| Stepping ~*~*~tactically~*~*~ (stealth).
   572 | D:2      | 572 ||| Stepping ~*~*~tactically~*~*~ (stealth).
   628 | D:2      | 628 ||| Stepping ~*~*~tactically~*~*~ (stealth).
   629 | D:2      | 629 ||| Stepping ~*~*~tactically~*~*~ (stealth).
   633 | D:2      | 633 ||| Stepping ~*~*~tactically~*~*~ (stealth).
   640 | D:2      | 640 ||| Stepping ~*~*~tactically~*~*~ (stealth).
   705 | D:2      | Noticed Terence
   713 | D:2      | Slain by Terence

Levels and vault maps discovered:
D:1:      roderic_crossed_star, layout_loops_ring, minmay_3d_cube
D:2:      layout_loops_ring, nicolae_ecumenical_oubliette, uniq_terence

Skill      XL: |  1 |
---------------+----+-----
Axes           | 3 |  3.9
Fighting       | |  2.0
Throwing       | |  1.0
Armour         | |  1.1
Dodging        | |  2.1
Spellcasting   | |  2.0
Translocations | |  2.4

Action                   || total
-------------------------++-------
Melee: Hand axe          ||    51
       Kick              ||    15
       Peck              ||     9
       Punch             ||     1
Throw: Boomerang         ||     7
Armor: Leather armour    ||    13
Dodge: Dodged            ||    34

Table legend:
 A = Non-vault XP
 B = Vault XP
 C = Vault XP percentage of total XP
 D = Non-vault monster count
 E = Vault monster count
 F = Vault count percentage of total count
                 A         B        C        D         E       F
            +---------+---------+-------+---------+---------+-------
      Total |      44 |       0 |   0.0 |      19 |       0 |   0.0
            +---------+---------+-------+---------+---------+-------
        D:1 |      26 |       0 |   0.0 |      15 |       0 |   0.0
        D:2 |      18 |       0 |   0.0 |       4 |       0 |   0.0
            +---------+---------+-------+---------+---------+-------
